 Dungeon Crawl Stone Soup version 0.18-a0-1773-gec4f98e (webtiles) character file.

283 Moloch the Chucker (level 6, -1/59 HPs)
             Began as an Ogre Hunter on Apr 14, 2016.
             Slain by an orc wizard
             ... wielding a +0 dagger
              (4 damage)
             ... on level 4 of the Dungeon.
             The game lasted 00:09:26 (3407 turns).

Moloch the Chucker (Ogre Hunter)                    Turns: 3407, Time: 00:09:27

Health: -1/59      AC:  7    Str: 22    XL:     6   Next: 28%
Magic:  6/6        EV: 10    Int: 10    God:
Gold:   87         SH:  0    Dex: 10    Spells: 0 memorised, 5 levels left

rFire  . . .     SeeInvis .     l - +0 hunting sling
rCold  . . .     Gourm    .     b - +0 robe
rNeg   . . .     Faith    .     (no shield)
rPois  .         Spirit   .     (helmet restricted)
rElec  .         Dismiss  .     (no cloak)
rCorr  .         Reflect  .     (gloves unavailable)
SustAt .         Harm     .     (boots unavailable)
MR     .....                    (no amulet)
Stlth  +.........               r - +2 ring of strength
                                p - +4 ring of protection

@: not resistant to hostile enchantments, very unstealthy
A: unfitting armour, tough skin 1
a: no special abilities


You were on level 4 of the Dungeon.
You were not hungry.

You visited 1 branch of the dungeon, and saw 4 of its levels.

You collected 87 gold pieces.

Inventory:

Hand Weapons
 a - a +0 short sword
 l - a +0 hunting sling (weapon)
 E - a +0 flail
Missiles
 c - 3 large rocks (quivered)
 d - 2 throwing nets
 o - 23 sling bullets
 x - 36 stones
Armour
 b - a +0 robe (worn)
Jewellery
 e - an uncursed ring of resist corrosion
 m - an uncursed ring of positive energy
 n - an uncursed ring of wizardry {unknown}
 p - a +4 ring of protection (left hand)
 r - a +2 ring of strength (right hand)
 v - an uncursed ring of flight
Wands
 y - a wand of random effects (8/48)
 C - a wand of iceblast (8/15)
Scrolls
 q - 2 scrolls of random uselessness {unknown}
 s - a scroll of remove curse
 t - 5 scrolls of identify {unknown}
 D - a scroll of immolation {unknown}
Potions
 i - a potion of mutation {unknown}
 j - 2 potions of brilliance {unknown}
 k - 2 potions of degeneration {unknown}
 w - a potion of might {unknown}
 z - a potion of curing {unknown}
 A - 2 potions of heal wounds {unknown}
Comestibles
 f - 3 bread rations
 g - 3 beef jerkies
 h - 3 fruits
 u - 3 meat rations
 B - 2 chunks of flesh


   Skills:
 - Level 2.6 Fighting
 - Level 1.8 Maces & Flails
 + Level 7.2 Throwing
 - Level 1.7 Dodging
 - Level 0.7 Stealth


You had 5 spell levels left.
You didn't know any spells.

Dungeon Overview and Level Annotations

Branches:
Dungeon (4/15)
 Temple: D:4-7

Altars:
Trog

Annotations:
D:3 sergedm's ghost, amateur DECj


Innate Abilities, Weirdness & Mutations

You are too large for most types of armour.
You have tough skin (AC +1).


Message History

Something hits you.
* * * LOW HITPOINT WARNING * * *
The orc hits you.
* * * LOW HITPOINT WARNING * * *
Unknown command.
Unknown command.
Throwing (i - inventory. (,) - cycle):
c - 5 large rocks (quivered)
Press: ? - help, Shift-Dir - straight line You throw a large rock.
You hear some strange, mumbled words.
A puff of flame appears from out of thin air!
The puff of flame misses you. The orc hits you.
* * * LOW HITPOINT WARNING * * *
Something hits you but does no damage. The orc closely misses you.
An orc comes into view. It is wielding a dagger.
Unknown command.
Throwing (i - inventory. (,) - cycle):
c - 4 large rocks (quivered)
Press: ? - help, Shift-Dir - straight line You throw a large rock.
Something hits you.
You die... o

.. ... .o.o .....
.?...(#################
#(.({@.#...........#
#...o(.......#####.#
####.........### #<#
#.........#.#######
#.(...............#
#.#.#.......#####.#
...#.........# #.#
..#########...# #.# #.
#...# #.#


You could see 2 orcs.

Vanquished Creatures
  A scorpion (D:4)
  2 orc priests (D:4)
  Ijyb (D:2)
  An orc wizard (D:4)
  3 adders
  An ooze (D:1)
  A worm (D:2)
  6 dart slugs
  3 giant geckos
  3 orcs (D:4)
  2 ball pythons (D:1)
  12 bats
  8 giant cockroaches
  5 goblins
  6 hobgoblins
  3 jackals (D:3)
  4 kobolds
  3 quokkas
  A giant newt (D:3)
  6 rats
72 creatures vanquished.

Notes
Turn   | Place    | Note
--------------------------------------------------------------
     0 | D:1      | Moloch the Ogre Hunter began the quest for the Orb.
     0 | D:1      | Reached XP level 1. HP: 22/22 MP: 1/1
   305 | D:1      | Reached XP level 2. HP: 17/29 MP: 2/2
   966 | D:1      | Reached XP level 3. HP: 36/36 MP: 3/3
  1001 | D:1      | Reached skill level 1 in Maces & Flails
  1217 | D:2      | Reached skill level 5 in Throwing
  1495 | D:2      | Noticed Ijyb
  1621 | D:2      | Killed Ijyb
  1621 | D:2      | Reached XP level 4. HP: 30/44 MP: 4/4
  1917 | D:3      | Found a bloodstained altar of Trog.
  2000 | D:3      | Reached XP level 5. HP: 50/50 MP: 5/5
  2093 | D:3      | Reached skill level 6 in Throwing
  2490 | D:3      | Noticed sergedm's ghost (amateur DECj)
  3297 | D:4      | Reached XP level 6. HP: 59/59 MP: 6/6
  3401 | D:4      | Reached skill level 7 in Throwing
  3406 | D:4      | HP: 2/59 [orc (2)]
  3407 | D:4      | Slain by an orc wizard

Vault maps used:
D:1:      lemuel_arrival_river_ford
D:2:      first_bread, serial_park_tiny_2, uniq_iyjb
D:3:      trog_three_pillars_becter
D:4:      gammafunk_temple_overflow_forgotten, amalloy_card_club

Skill      XL: |  1  2  3  4  5  6 |
---------------+-------------------+-----
Maces & Flails | 1 |  1.8
Throwing       | 5 6 7 |  7.2
Fighting       | |  2.6
Dodging        | |  1.7
Stealth        | |  0.7

Action                   |  1- 3 |  4- 6 || total
-------------------------+-------+-------++-------
Melee: Short sword       |    27 |       ||    27
       Club              |   185 |     2 ||   187
 Fire: Hunting sling     |    55 |   149 ||   204
Throw: Large rock        |     3 |    12 ||    15
  Use: Scroll            |     1 |       ||     1
  Eat: Chunk             |     2 |     4 ||     6
       Royal jelly       |       |     1 ||     1
Armor: Robe              |   122 |    57 ||   179
Dodge: Dodged            |   164 |    58 ||   222
